| TOP OF THE 1ST |
|
Milwaukee Brewers batting - Pitching for Cleveland Guardians : LHP Jose C. Medina
|
|
Pitching: LHP Jose C. Medina
|
|
|
Batting: RHB Jim Smith
|
0-0: Ball 1-0: Called Strike 1-1: Called Strike 1-2: DOUBLE (Flyball, 78D, EV 98.1 MPH)
|
|
Batting: RHB Christian Arroyo
|
0-0: Foul Ball, location: 23F 0-1: Foul Ball, location: 25F 0-2: Strikes out swinging
|
|
Batting: RHB Steve Sanders
|
0-0: Ball 1-0: Ball 2-0: Called Strike 2-1: Fly out, F7 (Flyball, 78S, EV 95.6 MPH)
|
|
Batting: RHB Blake Anderson
|
0-0: Ball 1-0: Called Strike 1-1: Ball 2-1: Ball 3-1: Ground out 6-3 (Groundball, 6, EV 93.1 MPH)
|
| Top of the 1st over - 0 runs, 1 hit, 0 errors, 1 left on base; Milwaukee 0 - Cleveland 0 |
| BOTTOM OF THE 1ST |
|
Cleveland Guardians batting - Pitching for Milwaukee Brewers : LHP Tim Hankins
|
|
Pitching: LHP Tim Hankins
|
|
|
Batting: RHB Cecilio Aybar
|
0-0: Called Strike 0-1: Swinging Strike 0-2: Foul Ball, location: 25F 0-2: Ball 1-2: Strikes out swinging
|
|
Batting: RHB Liam Thompson
|
0-0: Called Strike 0-1: Ball 1-1: Ball 2-1: Fly out, F9 (Flyball, 9, EV 74.4 MPH)
|
|
Batting: RHB Ernie Jones
|
0-0: Ball 1-0: Swinging Strike 1-1: Ball 2-1: Ball 3-1: Called Strike 3-2: Strikes out looking
|
| Bottom of the 1st over - 0 runs, 0 hits, 0 errors, 0 left on base; Milwaukee 0 - Cleveland 0 |
| TOP OF THE 2ND |
|
Milwaukee Brewers batting - Pitching for Cleveland Guardians : LHP Jose C. Medina
|
|
Batting: RHB Kevin Thompson
|
0-0: Called Strike 0-1: Ball 1-1: SINGLE (Groundball, 6S, EV 65.0 MPH) (infield hit)
|
|
Batting: RHB Tim Campbell
|
0-0: Ball 1-0: Called Strike 1-1: Ball 2-1: Grounds into double play, 4-6-3 (Groundball, 4, EV 95.6 MPH)
|
|
Batting: LHB Billy Wood
|
0-0: Fly out, F5 (Popup, 56, EV 80.0 MPH)
|
| Top of the 2nd over - 0 runs, 1 hit, 0 errors, 0 left on base; Milwaukee 0 - Cleveland 0 |
| BOTTOM OF THE 2ND |
|
Cleveland Guardians batting - Pitching for Milwaukee Brewers : LHP Tim Hankins
|
|
Batting: RHB Vladimir Guerrero Jr.
|
0-0: Ball 1-0: Foul Ball, location: 2F 1-1: Foul Ball, location: 2F 1-2: Ground out 5-3 (Groundball, 25, EV 86.3 MPH)
|
|
Batting: RHB Juan Martínez
|
0-0: Called Strike 0-1: Called Strike 0-2: Foul Ball, location: 2LF 0-2: Ball 1-2: Ball 2-2: Ball 3-2: Foul Ball, location: 9LSF 3-2: Foul Ball, location: 2F 3-2: Foul Ball, location: 2F 3-2: Base on Balls
|
|
Batting: LHB José Álvarez
|
0-0: Swinging Strike 0-1: Fly out, F6 (Line Drive, 56D, EV 66.3 MPH)
|
|
Batting: SHB Brett Austin
|
0-0: Swinging Strike 0-1: Ball 1-1: Swinging Strike 1-2: Strikes out swinging
|
| Bottom of the 2nd over - 0 runs, 0 hits, 0 errors, 1 left on base; Milwaukee 0 - Cleveland 0 |
| TOP OF THE 3RD |
|
Milwaukee Brewers batting - Pitching for Cleveland Guardians : LHP Jose C. Medina
|
|
Batting: RHB Monte Harrison
|
0-0: Ground out 5-3 (Groundball, 56, EV 105.0 MPH)
|
|
Batting: LHB Tim Nolan
|
0-0: Called Strike 0-1: SINGLE (Groundball, 4MD, EV 103.8 MPH)
|
|
Batting: RHB Jim Smith
|
0-0: Foul Ball, location: 2F 0-1: Ball 1-1: Ball 2-1: Swinging Strike 2-2: Strikes out swinging
|
|
Batting: RHB Christian Arroyo
|
0-0: Ball 1-0: Ball Tim Nolan steals 2nd base (no throw) 2-0: Ball 3-0: Called Strike 3-1: Called Strike 3-2: Fly out, F7 (Flyball, 7D, EV 100.0 MPH)
|
| Top of the 3rd over - 0 runs, 1 hit, 0 errors, 1 left on base; Milwaukee 0 - Cleveland 0 |
| BOTTOM OF THE 3RD |
|
Cleveland Guardians batting - Pitching for Milwaukee Brewers : LHP Tim Hankins
|
|
Batting: RHB Ben Ramsey
|
0-0: Foul Ball, location: 23F 0-1: Foul Ball, location: 7LDF 0-2: Strikes out swinging
|
|
Batting: LHB Joe Young
|
0-0: Ball 1-0: Called Strike 1-1: Ball 2-1: Ball 3-1: Foul Ball, location: 9LMF 3-2: Foul Ball, location: 23F 3-2: Strikes out swinging
|
|
Batting: RHB Cecilio Aybar
|
0-0: Called Strike 0-1: Ground out 6-3 (Groundball, 6S, EV 69.4 MPH)
|
| Bottom of the 3rd over - 0 runs, 0 hits, 0 errors, 0 left on base; Milwaukee 0 - Cleveland 0 |
| TOP OF THE 4TH |
|
Milwaukee Brewers batting - Pitching for Cleveland Guardians : LHP Jose C. Medina
|
|
Batting: RHB Steve Sanders
|
0-0: Called Strike 0-1: Ball 1-1: Called Strike 1-2: Strikes out swinging
|
|
Batting: RHB Blake Anderson
|
0-0: Called Strike 0-1: Ground out 6-3 (Groundball, 6, EV 85.0 MPH)
|
|
Batting: RHB Kevin Thompson
|
0-0: SINGLE (Groundball, 6MD, EV 95.6 MPH)
|
|
Batting: RHB Tim Campbell
|
0-0: Swinging Strike 0-1: Called Strike 0-2: Foul Ball, location: 5FF 0-2: Strikes out swinging
|
| Top of the 4th over - 0 runs, 1 hit, 0 errors, 1 left on base; Milwaukee 0 - Cleveland 0 |
| BOTTOM OF THE 4TH |
|
Cleveland Guardians batting - Pitching for Milwaukee Brewers : LHP Tim Hankins
|
|
Batting: RHB Liam Thompson
|
0-0: SINGLE (Line Drive, 9LS, EV 96.9 MPH)
|
|
Batting: RHB Ernie Jones
|
0-0: Ball 1-0: Swinging Strike 1-1: Ball 2-1: Ball 3-1: Base on Balls Liam Thompson to second
|
|
Batting: RHB Vladimir Guerrero Jr.
|
0-0: Ball 1-0: DOUBLE (Line Drive, 78D, EV 88.8 MPH) Liam Thompson scores Ernie Jones to third
|
|
Batting: RHB Juan Martínez
|
0-0: Foul Ball, location: 7LSF 0-1: Ball 1-1: Fly out, F9 (Line Drive, 9, EV 98.8 MPH)
|
|
Batting: LHB José Álvarez
|
0-0: Ball 1-0: Called Strike 1-1: Fly out, F8 (Flyball, 89D, EV 96.3 MPH) Runner from 3rd tags up, SCORES, no throw by CF Vladimir Guerrero Jr. to third
|
|
Batting: SHB Brett Austin
|
0-0: Ball 1-0: Called Strike 1-1: Ball 2-1: Ball 3-1: Foul Ball, location: 9LDF 3-2: Fly out, F9 (Flyball, 9, EV 80.0 MPH)
|
| Bottom of the 4th over - 2 runs, 2 hits, 0 errors, 1 left on base; Milwaukee 0 - Cleveland 2 |
| TOP OF THE 5TH |
|
Milwaukee Brewers batting - Pitching for Cleveland Guardians : LHP Jose C. Medina
|
|
Batting: LHB Billy Wood
|
0-0: DOUBLE (Flyball, 8RXD, EV 106.9 MPH)
|
|
Batting: RHB Monte Harrison
|
0-0: Foul Ball, location: 5DF 0-1: Ball 1-1: Foul Ball, location: 2F 1-2: Ball 2-2: Strikes out looking
|
|
Batting: LHB Tim Nolan
|
0-0: Called Strike 0-1: Called Strike 0-2: Foul Ball, location: 7LDF 0-2: Strikes out swinging
|
|
Batting: RHB Jim Smith
|
0-0: Foul Ball, location: 9LSF 0-1: Ball 1-1: Ball 2-1: Foul Ball, location: 9LDF 2-2: Strikes out swinging
|
| Top of the 5th over - 0 runs, 1 hit, 0 errors, 1 left on base; Milwaukee 0 - Cleveland 2 |
| BOTTOM OF THE 5TH |
|
Cleveland Guardians batting - Pitching for Milwaukee Brewers : LHP Tim Hankins
|
|
Batting: RHB Ben Ramsey
|
0-0: Ball 1-0: Foul Ball, location: 2F 1-1: Ball 2-1: Ball 3-1: Foul Ball, location: 2F 3-2: Ground out 4-3 (Groundball, 4S, EV 96.3 MPH)
|
|
Batting: LHB Joe Young
|
0-0: Called Strike 0-1: Foul Ball, location: 7LSF 0-2: Fly out, F7 (Line Drive, 78M, EV 103.8 MPH)
|
|
Batting: RHB Cecilio Aybar
|
0-0: Ground out 4-3 (Groundball, 4, EV 76.9 MPH)
|
| Bottom of the 5th over - 0 runs, 0 hits, 0 errors, 0 left on base; Milwaukee 0 - Cleveland 2 |
| TOP OF THE 6TH |
|
Milwaukee Brewers batting - Pitching for Cleveland Guardians : LHP Jose C. Medina
|
|
Batting: RHB Christian Arroyo
|
0-0: Called Strike 0-1: Swinging Strike 0-2: Ball 1-2: Foul Ball, location: 2F 1-2: Strikes out swinging
|
|
Batting: RHB Steve Sanders
|
0-0: Foul Ball, location: 25F 0-1: Foul Ball, location: 3DF 0-2: Ball 1-2: SINGLE (Line Drive, 56D, EV 98.1 MPH)
|
|
Batting: RHB Blake Anderson
|
0-0: Ball 1-0: Foul Ball, location: 2F 1-1: Grounds into double play, 6-4-3 (Groundball, 6, EV 96.9 MPH)
|
| Top of the 6th over - 0 runs, 1 hit, 0 errors, 0 left on base; Milwaukee 0 - Cleveland 2 |
| BOTTOM OF THE 6TH |
|
Cleveland Guardians batting - Pitching for Milwaukee Brewers : LHP Tim Hankins
|
|
Batting: RHB Liam Thompson
|
0-0: Foul Ball, location: 2F 0-1: Foul Ball, location: 5F 0-2: Ball 1-2: Ball 2-2: Foul Ball, location: 5F 2-2: Hit by Pitch
|
|
Batting: RHB Ernie Jones
|
0-0: Fly out, F9 (Line Drive, 9D, EV 88.1 MPH)
|
|
Batting: RHB Vladimir Guerrero Jr.
|
0-0: Called Strike 0-1: SINGLE (Line Drive, 9S, EV 92.5 MPH) Liam Thompson to second
|
|
Batting: RHB Juan Martínez
|
0-0: Ball 1-0: Ball 2-0: Ball 3-0: Base on Balls Liam Thompson to third Vladimir Guerrero Jr. to second
|
|
Pitching: RHP Greg Schatz
|
|
|
Batting: LHB José Álvarez
|
0-0: Called Strike 0-1: Ball 1-1: Ball 2-1: DOUBLE (Groundball, 5L, EV 98.1 MPH) Liam Thompson scores Vladimir Guerrero Jr. scores Juan Martínez to third
|
|
Batting: SHB Brett Austin
|
0-0: Intentional Walk
|
|
Batting: RHB Ben Ramsey
|
0-0: Grounds into fielders choice U2 (Groundball, 15S, EV 69.4 MPH) José Álvarez to third Brett Austin to second
|
|
Batting: LHB Joe Young
|
0-0: Called Strike 0-1: Foul Ball, location: 9LDF 0-2: Foul Ball, location: 9LSF 0-2: Ball 1-2: Ball 2-2: Strikes out looking
|
| Bottom of the 6th over - 2 runs, 2 hits, 0 errors, 3 left on base; Milwaukee 0 - Cleveland 4 |
| TOP OF THE 7TH |
|
Milwaukee Brewers batting - Pitching for Cleveland Guardians : LHP Jose C. Medina
|
|
Batting: RHB Kevin Thompson
|
0-0: Foul Ball, location: 2F 0-1: Called Strike 0-2: Ball 1-2: Foul Ball, location: 25F 1-2: SINGLE (Line Drive, 89S, EV 101.9 MPH)
|
|
Batting: RHB Tim Campbell
|
0-0: Ball 1-0: Foul Ball, location: 23FF 1-1: Ball 2-1: SINGLE (Flyball, 3D, EV 83.8 MPH) Kevin Thompson to second
|
|
Batting: LHB Billy Wood
|
0-0: SINGLE (Groundball, 4D, EV 100.0 MPH) Kevin Thompson to third Tim Campbell to second Runner from 3rd tries for Home, SAFE, throw by CF to home Tim Campbell to third Billy Wood to second
|
|
Batting: RHB Monte Harrison
|
0-0: Ball 1-0: Foul Ball, location: 2F 1-1: Swinging Strike 1-2: Strikes out looking
|
|
Pitching: RHP Vito Porchianelo
|
|
|
Batting: LHB Tim Nolan
|
0-0: Ball 1-0: Fly out, F8 (Flyball, 8LS, EV 89.4 MPH)
|
|
Batting: RHB Jim Smith
|
0-0: Foul Ball, location: 25FF 0-1: Called Strike 0-2: SINGLE (Flyball, 56D, EV 97.5 MPH) Tim Campbell scores Billy Wood to third Runner from 3rd tries for Home, SAFE, throw by LF to home
|
|
Pinch Hitting: LHB Isan Diaz
|
0-0: Ball 1-0: Called Strike 1-1: Foul Ball, location: 23F 1-2: Strikes out swinging
|
| Top of the 7th over - 3 runs, 4 hits, 0 errors, 1 left on base; Milwaukee 3 - Cleveland 4 |
| BOTTOM OF THE 7TH |
|
Cleveland Guardians batting - Pitching for Milwaukee Brewers : RHP Greg Schatz
|
|
Now at SS: Isan Diaz
|
|
|
Batting: RHB Cecilio Aybar
|
0-0: Ball 1-0: Ball 2-0: Ball 3-0: Called Strike 3-1: Ground out 3-1 (Groundball, 34S, EV 71.9 MPH)
|
|
Batting: RHB Liam Thompson
|
0-0: Ball 1-0: Ball 2-0: Foul Ball, location: 2F 2-1: Called Strike 2-2: Foul Ball, location: 7LSF 2-2: Foul Ball, location: 2F 2-2: Ball 3-2: SINGLE (Flyball, 4D, EV 90.6 MPH)
|
|
Batting: RHB Ernie Jones
|
0-0: Ball 1-0: Ball 2-0: Ball 3-0: Base on Balls Liam Thompson to second
|
|
Batting: RHB Vladimir Guerrero Jr.
|
0-0: Called Strike 0-1: Ball 1-1: Foul Ball, location: 5F 1-2: Ball 2-2: Ball 3-2: Strikes out looking
|
|
Batting: RHB Juan Martínez
|
0-0: Swinging Strike 0-1: SINGLE (Groundball, 6MD, EV 109.4 MPH) Liam Thompson to third Ernie Jones to second Runner from 3rd tries for Home, SAFE, throw by CF to home Ernie Jones to third Juan Martínez to second
|
|
Batting: LHB José Álvarez
|
0-0: Ball 1-0: Swinging Strike 1-1: SINGLE (Line Drive, 8RS, EV 86.3 MPH) Ernie Jones scores Juan Martínez to third Runner from 3rd tries for Home, SAFE, throw by CF to home
|
|
Pitching: RHP Dave McFadden
|
|
|
Batting: SHB Brett Austin
|
0-0: Foul Ball, location: 7LMF 0-1: Ball 1-1: Swinging Strike 1-2: SINGLE (Line Drive, 9LS, EV 100.0 MPH) José Álvarez to second Runner from 2nd tries for 3rd, SAFE, throw by RF made to third
|
|
Batting: RHB Ben Ramsey
|
0-0: Ball 1-0: Ground out 4-3 (Groundball, 4, EV 103.1 MPH)
|
| Bottom of the 7th over - 3 runs, 4 hits, 0 errors, 2 left on base; Milwaukee 3 - Cleveland 7 |
| TOP OF THE 8TH |
|
Milwaukee Brewers batting - Pitching for Cleveland Guardians : RHP Vito Porchianelo
|
|
Now at 2B: Joe Wendle
|
|
|
Batting: RHB Steve Sanders
|
0-0: Called Strike 0-1: Ball 1-1: Fly out, F8 (Line Drive, 8LM, EV 91.9 MPH)
|
|
Batting: RHB Blake Anderson
|
0-0: SINGLE (Groundball, 5D, EV 97.5 MPH)
|
|
Batting: RHB Kevin Thompson
|
0-0: Ball 1-0: Swinging Strike 1-1: Foul Ball, location: 9LSF 1-2: Foul Ball, location: 23F 1-2: Ball 2-2: Foul Ball, location: 25F 2-2: Strikes out swinging
|
|
Batting: RHB Tim Campbell
|
0-0: Called Strike 0-1: Called Strike 0-2: Foul Ball, location: 2F 0-2: Ball 1-2: Ball 2-2: Ball 3-2: Base on Balls Blake Anderson to second
|
|
Pitching: RHP Jesus A. Sanchez
|
|
|
Batting: LHB Billy Wood
|
0-0: Ball 1-0: Called Strike 1-1: Fly out, F6 (Popup, 6D, EV 53.1 MPH)
|
| Top of the 8th over - 0 runs, 1 hit, 0 errors, 2 left on base; Milwaukee 3 - Cleveland 7 |
| BOTTOM OF THE 8TH |
|
Cleveland Guardians batting - Pitching for Milwaukee Brewers : RHP Dave McFadden
|
|
Pitching: RHP Alex Estes
|
|
|
Batting: LHB Joe Young
|
0-0: Ball 1-0: Ground out 6-3 (Groundball, 6MS, EV 80.0 MPH)
|
|
Batting: RHB Cecilio Aybar
|
0-0: Called Strike 0-1: Ball 1-1: Ball 2-1: Ground out U3 (Groundball, 3, EV 85.6 MPH)
|
|
Batting: RHB Liam Thompson
|
0-0: Ball 1-0: Foul Ball, location: 9LMF 1-1: Ball 2-1: Ball 3-1: Called Strike 3-2: Base on Balls
|
|
Batting: RHB Ernie Jones
|
0-0: Fly out, F8 (Flyball, 8LS, EV 93.1 MPH)
|
| Bottom of the 8th over - 0 runs, 0 hits, 0 errors, 1 left on base; Milwaukee 3 - Cleveland 7 |
| TOP OF THE 9TH |
|
Milwaukee Brewers batting - Pitching for Cleveland Guardians : RHP Jesus A. Sanchez
|
|
Batting: RHB Monte Harrison
|
0-0: Foul Ball, location: 3DF 0-1: Foul Ball, location: 3F 0-2: Ball 1-2: Ball 2-2: Ground out 5-3 (Groundball, 56S, EV 71.3 MPH)
|
|
Batting: LHB Tim Nolan
|
0-0: Called Strike 0-1: Called Strike 0-2: Ball 1-2: Foul Ball, location: 5FF 1-2: Strikes out swinging, 2-3 out at first.
|
|
Batting: RHB Jim Smith
|
0-0: Ball 1-0: Foul Ball, location: 5FF 1-1: Foul Ball, location: 7LDF 1-2: Strikes out swinging
|
| Top of the 9th over - 0 runs, 0 hits, 0 errors, 0 left on base; Milwaukee 3 - Cleveland 7 |
|